 Dungeon Crawl Stone Soup version 0.31-a0-1549-g5ff9445e89 (webtiles) character file.

Game seed: 15619892445478236694

24 pokeman the Magician (level 2, -4/16 HPs)
             Began as a Deep Elf Hedge Wizard on Jan 2, 2024.
             Slain by a ribbon worm (7 damage)
             ... on level 2 of the Dungeon.
             The game lasted 00:01:30 (1399 turns).

pokeman the Magician (Deep Elf Hedge Wizard)        Turns: 1399, Time: 00:01:31

Health: -4/16      AC:  3    Str:  7    XL:     2   Next: 79%
Magic:  1/10       EV:  6    Int: 18    God:
Gold:   59         SH:  0    Dex: 14    Spells: 10/11 levels left

rFire   . . .        a - +0 dagger
rCold   . . .        (no shield)
rNeg    . . .        b - +0 robe
rPois   .            g - +0 helmet
rElec   .            (no cloak)
rCorr   .            (no gloves)
SInv    .            (no boots)
Will    .....        (no amulet)
Stlth   ++           (no ring)
HPRegen 0.22/turn    (no ring)
MPRegen 0.12/turn

%: no passive effects
@: held
A: no striking features
a: no special abilities


You were on level 2 of the Dungeon.
You visited 1 branch of the dungeon, and saw 2 of its levels.

You collected 59 gold pieces.

Inventory:

Hand Weapons
 a - a +0 dagger (weapon)
Missiles
 f - a throwing net
Armour
 b - a +0 robe (worn)
 g - a +0 helmet (worn)
Scrolls
 c - a scroll of revelation {unknown}
 e - a scroll of teleportation {unknown}
 i - a scroll of fear {unknown}
Potions
 d - a potion of magic
 h - 2 potions of mutation {unknown}


   Skills:
 + Level 0.6 Fighting
 + Level 0.6 Armour
 - Level 2.4 Dodging
 - Level 2.4 Stealth
 * Level 5.0 Spellcasting
 + Level 1.6 Conjurations
 - Level 1.1 Summonings
 - Level 1.1 Translocations


You had 10 spell levels left.
You knew the following spells:

 Your Spells              Type           Power      Damage    Failure   Level
a - Magic Dart            Conj           40%        1d5       7%          1

Your spell library contained the following spells:

 Spells                   Type           Power      Damage    Failure   Level
 Slow                     Hex            16%        N/A       13%         1
 Blink                    Tloc           16%        N/A       13%         2
 Call Imp                 Summ           16%        N/A       13%         2
 Cigotuvi's Dreadful Rot  Necr/Alch/Air  8%         N/A       21%         2
 Sublimation of Blood     Necr           4%         N/A       21%         2
 Mephitic Cloud           Conj/Alch/Air  6%         N/A       32%         3
 Ozocubu's Armour         Ice            4%         N/A       36%         3
 Metabolic Englaciation   Hex/Ice        2%         N/A       98%         5
 Sculpt Simulacrum        Ice/Alch       2%         N/A       100%        6
 Summon Hydra             Summ           4%         N/A       100%        7


Dungeon Overview and Level Annotations

Branches:
Dungeon (2/15)

Altars:


Message History

Casting: Magic Dart (safe; 7% risk of failure)
Confirm with . or Enter, or press ? or * to list all spells.
You don't have enough magic to cast this spell.
Unknown command.
Casting: Magic Dart (safe; 7% risk of failure)
Confirm with . or Enter, or press ? or * to list all spells.
You don't have enough magic to cast this spell.
Unknown command.
Casting: Magic Dart (safe; 7% risk of failure)
Confirm with . or Enter, or press ? or * to list all spells.
You don't have enough magic to cast this spell.
Unknown command.
Casting: Magic Dart (safe; 7% risk of failure)
Confirm with . or Enter, or press ? or * to list all spells.
You don't have enough magic to cast this spell.
Unknown command.
The web tears apart.
The ribbon worm bites you!
Ouch! That really hurt!
You hit the ribbon worm but do no damage.
The ribbon worm is severely wounded.
The ribbon worm expels a string of sticky webbing.
The stream of webbing hits you but does no damage.
You are caught in a web!
The web tears apart.
You barely miss the ribbon worm.
The ribbon worm is heavily wounded.
The ribbon worm barely misses you.
You hit the ribbon worm but do no damage.
The ribbon worm is heavily wounded.
The ribbon worm bites you.
* * * LOW HITPOINT WARNING * * *
Your magical contamination has completely faded away.
You hit the ribbon worm.
The ribbon worm is heavily wounded.
The ribbon worm expels a string of sticky webbing.
The stream of webbing hits you but does no damage.
You are caught in a web!
You struggle to detach yourself from the web.
The ribbon worm bites you!
You die...

#......#......#.#
.#
######.#.#....#.# #
.## #.†.#.#....#
....####.##.......#
#........##.......+
#.#.#.)..<#.......#
#.###.###.......#
#......).........#
######@#)#######.#
......w.>.# .#
.....####.# # !...
... ... ### .. .


You could see a ribbon worm.

Vanquished Creatures
  2 dart slugs (D:1)
  4 ball pythons
  An endoplasm (D:1)
  A goblin (D:1)
  3 hobgoblins (D:1)
  3 bats (D:1)
  3 kobolds
  4 rats
21 creatures vanquished.

Notes
Turn   | Place    | Note
-------+----------+-------------------------------------------
     0 | D:1      | pokeman the Deep Elf Hedge Wizard began the quest for the
                  | Orb.
     0 | D:1      | Reached XP level 1. HP: 10/10 MP: 7/7
   331 | D:1      | Reached XP level 2. HP: 16/16 MP: 6/9
   510 | D:1      | Found a faded altar of an unknown god.
  1320 | D:2      | Reached skill level 5 in Spellcasting
  1399 | D:2      | Slain by a ribbon worm

Illustrated notes

Levels and vault maps discovered:
D:1:      wander_arrival_fairy_ring, layout_basic, serial_corexii_hall,
          chequers_hall_statues_y, corexii_hall_statues_x,
          shapermc_ecumenical_altar_gd
D:2:      layout_basic, uniq_jessica

Skill      XL: |  1  2 |
---------------+-------+-----
Spellcasting   | 5 |  5.0
Fighting       | |  0.6
Armour         | |  0.6
Dodging        | |  2.4
Stealth        | |  2.4
Conjurations   | |  1.6
Summonings     | |  1.1
Translocations | |  1.1

Action                     || total
---------------------------++-------
  Melee: Dagger            ||     7
   Cast: Magic Dart        ||    62
 Armour: Robe              ||     9
  Dodge: Dodged            ||     6

Table legend: (Time is in decaauts)
 A = Elapsed time spent in this place.
 B = Non-inter-level travel time spent in this place.
 C = Inter-level travel time spent in this place.
 D = Time resting spent in this place.
 E = Time spent auto-exploring this place.
 F = Levels seen in this place.
 G = Mean time per level.
                   A        B        C        D        E       F      G
               +--------+--------+--------+--------+--------+-----+--------+
         Total |   1398 |   1372 |     26 |      0 |   1231 |   2 |  699.0 |
       Dungeon |   1398 |   1372 |     26 |      0 |   1231 |   2 |  699.0 |
               +--------+--------+--------+--------+--------+-----+--------+

Top non-repeatable levels by time:
     D:1: 1289 daAuts
     D:2: 109 daAuts
